 Dungeon Crawl Stone Soup version 0.28.0-45-g0d030f2227 (webtiles) character file.

Game seed: 15111413996377869542

103 seaoflcl the Skirmisher (level 4, -4/38 HPs)
             Began as a Demigod Fighter on Apr 24, 2022.
             Slain by a gnoll
             ... wielding a +0 halberd
              (11 damage)
             ... on level 3 of the Dungeon.
             The game lasted 00:03:16 (2438 turns).

seaoflcl the Skirmisher (Demigod Fighter)           Turns: 2438, Time: 00:03:16

Health: -4/38      AC: 13    Str: 17    XL:     4   Next: 27%
Magic:  6/6        EV:  3    Int: 10    God:
Gold:   150        SH:  0    Dex: 17    Spells: 3/3 levels left

rFire   . . .      SeeInvis .   g - +4 flail
rCold   . . .      Faith    .   c - +0 buckler
rNeg    . . .      Spirit   .   i - +3 chain mail
rPois   .          Reflect  .   e - +1 hat
rElec   .          Harm     .   (no cloak)
rCorr   .          Rampage  .   (no gloves)
Will    .....                   (no boots)
Stlth   ..........              (no amulet)
HPRegen 0.12/turn               (no ring)
MPRegen 0.10/turn               (no ring)

@: held
A: high MP 1, forlorn, divine attributes
a: no special abilities


You were on level 3 of the Dungeon.
You visited 1 branch of the dungeon, and saw 3 of its levels.

You collected 150 gold pieces.

Inventory:

Hand Weapons
 a - a +0 long sword
 g - a +4 flail (weapon)
 m - a +2 rapier of venom
 o - a +4 dagger
Missiles
 b - 4 silver boomerangs (quivered)
Armour
 c - a +0 buckler (worn)
 e - a +1 hat (worn)
 i - a +3 chain mail (worn)
Scrolls
 f - a scroll of enchant armour {unknown}
 h - a scroll of torment {unknown}
 k - 4 scrolls of amnesia
 n - a scroll of noise {unknown}
Potions
 d - a potion of might
 j - 2 potions of flight
 l - a potion of heal wounds {unknown}
 p - 3 potions of attraction
 q - a potion of brilliance {unknown}
 r - a potion of lignification {unknown}


   Skills:
 + Level 3.2 Fighting
 + Level 1.0(2.0) Short Blades
 + Level 2.7(2.8) Long Blades
 + Level 0.7 Maces & Flails
 + Level 2.9 Armour
 + Level 0.3 Dodging
 + Level 0.1 Stealth
 + Level 3.2 Shields


You had 3 spell levels left.
You didn't know any spells.
Your spell library contained the following spells:

 Spells                   Type           Power      Damage    Failure   Level
 Ozocubu's Armour         Ice            0%         N/A       100%        3
 Portal Projectile        Hex/Tloc       0%         N/A       100%        3
 Blade Hands              Tmut           0%         N/A       100%        5
 Excruciating Wounds      Necr           0%         N/A       100%        5
 Metabolic Englaciation   Hex/Ice        0%         N/A       100%        5
 Simulacrum               Ice/Necr       0%         N/A       100%        6


Dungeon Overview and Level Annotations

Branches:
Dungeon (3/15)


Innate Abilities, Weirdness & Mutations

You have an increased reservoir of magic. (+10% MP)
You shall have no god before yourself.
Your divine heritage dramatically boosts your attributes as you level up.


Message History

The gnoll barely misses you.
The gnoll shouts!
You thump the gnoll!
You kill the gnoll!
The gnoll barely misses you.
You hit the gnoll.
The gnoll is moderately wounded.
The gnoll barely misses you. The gnoll hits you but does no damage.
You block the gnoll's attack.
You thump the gnoll!
You kill the gnoll!
The gnoll hits you but does no damage. The gnoll barely misses you.
You hit the gnoll.
The gnoll is moderately wounded.
The gnoll barely misses you. The gnoll hits you but does no damage.
You hit the gnoll.
The gnoll is heavily wounded.
You block the gnoll's attack.
The gnoll hits you from afar with a +0 halberd.
You block the gnoll's attack. The gnoll hits you but does no damage.
You hit the gnoll but do no damage.
The gnoll is heavily wounded.
The gnoll hits you with a +0 flail. The gnoll closely misses you.
You barely miss the gnoll.
The gnoll is heavily wounded.
The gnoll hits you with a +0 flail!
The gnoll hits you from afar with a +0 halberd.
The gnoll hits you with a +0 flail!
* * * LOW HITPOINT WARNING * * *
You are too injured to fight recklessly!
You are too injured to fight recklessly!
You are too injured to fight recklessly!
You are too injured to fight recklessly!
You are too injured to fight recklessly!
The gnoll throws a throwing net.
The throwing net hits you.
You become entangled in the net!
You see here a throwing net.
You tear a large gash into the net.
The gnoll hits you from afar with a +0 halberd!
You die...

..# ### #......# #.###.#
#........# #......# #....)#
........# #......## #'#
........# #........
#.#####......# ###.#####
#............# #......
###..........####### #######
..###.....g....##....########
>............g.@......+......###
+#########......##....######..#.
#########....# ##.#. #....#
####... ########### #....#
#......
#.........####....####......
+.........รท................<
#.........############....#.
#.........# #....+.


You could see 2 gnolls.

Vanquished Creatures
  2 gnolls (D:3)
  2 adders (D:2)
  A dart slug (D:2)
  3 orcs
  5 bats
  5 endoplasms
  3 giant cockroaches
  8 goblins
  6 hobgoblins
  4 jackals (D:3)
  A quokka (D:3)
  4 ball pythons
  2 frilled lizards
  6 kobolds
  5 rats
57 creatures vanquished.

Vanquished Creatures (others)
  6 fungi (D:1)
  3 plants (D:1)
9 creatures vanquished.

Grand Total: 66 creatures vanquished

Notes
Turn   | Place    | Note
-------+----------+-------------------------------------------
     0 | D:1      | seaoflcl the Demigod Fighter began the quest for the Orb.
     0 | D:1      | Reached XP level 1. HP: 18/18 MP: 3/3
   122 | D:1      | Reached XP level 2. HP: 24/25 MP: 4/4
   814 | D:2      | Reached XP level 3. HP: 31/31 MP: 5/5
  2171 | D:3      | Reached skill level 1 in Short Blades
  2171 | D:3      | Reached XP level 4. HP: 38/38 MP: 6/6
  2438 | D:3      | Slain by a gnoll

Illustrated notes

Levels and vault maps discovered:
D:1:      dpeg_arrival_round_b, layout_rooms,
          shapermc_ecumenical_altar_mp_ritualfount, hangedman_decor_points
D:2:      layout_basic, serial_corexii_hall, chequers_hall_statues_y,
          corexii_hall_statues_t, basic_altar
D:3:      layout_basic, mainiacjoe_overflow_six_doors_small, tgw_xom,
          amcnicky_altar_gilded, st_stairs_5

Skill      XL: |  1  2  3 |
---------------+----------+-----
Long Blades    | 2 |  2.7
Fighting       | 3 |  3.2
Shields        | 3 |  3.2
Short Blades   | 1 |  1.0
Maces & Flails | |  0.7
Armour         | |  2.9
Dodging        | |  0.3
Stealth        | |  0.1

Action                   |  1- 3 |  4- 6 || total
-------------------------+-------+-------++-------
Melee: Long sword        |    50 |       ||    50
       Rapier            |    56 |       ||    56
       Flail             |    19 |    12 ||    31
  Use: Scroll            |     3 |       ||     3
Armor: Scale mail        |    11 |       ||    11
       Chain mail        |    54 |     7 ||    61
Dodge: Dodged            |    41 |     7 ||    48
Block: Buckler           |    19 |     4 ||    23
